 Dungeon Crawl Stone Soup version 0.31-a0-1-g4198be8af4 (webtiles) character file.

Game seed: 8152875929280159479

1878 Maxmaps the Destroyer (level 8, -8/52 HPs)
             Began as a Demonspawn Conjurer on May 1, 2023.
             Was an Initiate of Gozag.
             Mangled by Joseph
             ... wielding a +0 quarterstaff
              (10 damage)
             ... on level 7 of the Dungeon.
             The game lasted 00:14:01 (7467 turns).

Maxmaps the Destroyer (Demonspawn Conjurer)         Turns: 7467, Time: 00:14:01

Health: -8/52      AC:  6    Str:  7    XL:     8   Next: 91%
Magic:  17/26      EV: 12    Int: 22    God:    Gozag
Gold:   741        SH:  0    Dex: 12    Spells: 16/19 levels left

rFire   . . .        n - +5 whip
rCold   . . .        (no shield)
rNeg    . . .        a - +1 robe
rPois   .            (no helmet)
rElec   .            (no cloak)
rCorr   +            (no gloves)
SInv    .            (no boots)
Will    .....        r - amulet of magic regeneration
Stlth   ++           p - ring of magical power
HPRegen 0.28/turn    k - ring of resist corrosion
MPRegen 0.60/turn

%: no passive effects
@: gold aura
A: icy blue scales 2, foul stench 1, condensation shield, weakness stinger 2
a: Renounce Religion, Potion Petition, Call Merchant, Bribe Branch


You were on level 7 of the Dungeon.
You worshipped Gozag.
Gozag was pleased with you.
You visited 2 branches of the dungeon, and saw 8 of its levels.

You collected 799 gold pieces.
You paid 58 gold pieces to Gozag.

Inventory:

Hand Weapons
 n - a +5 whip (weapon)
Armour
 a - a +1 robe (worn)
Jewellery
 k - a ring of resist corrosion (right hand)
 p - a ring of magical power (left hand)
 r - an amulet of magic regeneration (around neck)
 s - an amulet of guardian spirit
 u - a ring of see invisible
 z - a ring of protection from cold
Scrolls
 e - a scroll of amnesia
 i - 3 scrolls of teleportation
 l - 2 scrolls of enchant weapon
 m - 3 scrolls of fog
 o - a scroll of noise
 v - a scroll of enchant armour
 y - 2 scrolls of identify
Potions
 b - 4 potions of magic
 c - 3 potions of curing
 d - a potion of ambrosia
 f - a potion of flight
 g - a potion of berserk rage
 h - 3 potions of attraction
 j - a potion of lignification {unknown}
 q - 2 potions of degeneration
 t - a potion of brilliance {unknown}
 w - a potion of heal wounds {unknown}
 x - 2 potions of cancellation {unknown}
 A - a potion of resistance {unknown}


   Skills:
 - Level 1.7 Dodging
 - Level 1.7 Stealth
 - Level 6.1 Spellcasting
 + Level 10.5 Conjurations


You had 16 spell levels left.
You knew the following spells:

 Your Spells              Type           Power      Damage    Failure   Level
a - Magic Dart            Conj           100%       1d8       1%          1
b - Searing Ray           Conj           100%       2d8       1%          2

Your spell library contained the following spells:

 Spells                   Type           Power      Damage    Failure   Level
 Dazzling Flash           Conj/Hex       58%        N/A       3%          3
 Beastly Appendage        Tmut           12%        N/A       9%          1
 Fulminant Prism          Conj/Hex       14%        3d9       11%         4
 Iskenderun's Mystic Bla  Conj/Tloc      29%        2d7       11%         4
 Cigotuvi's Dreadful Rot  Necr/Pois/Air  12%        N/A       14%         2
 Wereblood                Tmut           6%         N/A       14%         2
 Ignite Poison            Fire/Tmut/Pois 6%         N/A       26%         3
 Spider Form              Tmut/Pois      6%         N/A       26%         3
 Tukima's Dance           Hex            6%         N/A       26%         3
 Freezing Cloud           Conj/Ice/Air   11%        6-21      52%         5
 Passage of Golubria      Tloc           6%         N/A       65%         4
 Yara's Violent Unravell  Hex/Tmut       3%         3d4       94%         5


Dungeon Overview and Level Annotations

Branches:
Dungeon (7/15)             Temple (1/1) D:4

Altars:
Ashenzari
Cheibriados
Fedhas
Gozag
Kikubaaqudgha
Qazlal
Ru
Sif Muna
Trog
Vehumet
Wu Jian
Xom
Yredelemnul

Shops:
D:2 (

Annotations:
D:4 Edmund
D:7 Joseph


Innate Abilities, Weirdness & Mutations

You are mostly covered in icy blue scales. (AC +3)
You may rarely emit foul miasma when damaged in melee.
A meltable shield of frost defends you. (SH +0)
You have a tail ending in a sharp stinger.


Message History

Aiming: Searing Ray (safe; 1% risk of failure)
Press: ? - help, Shift-Dir - straight line, f - Joseph
Aim: Joseph, wielding a +2 sling of freezing, wearing a +0 ring mail and carrying a wand of flame (25) (85% to hit)
The searing ray hits Joseph.
Joseph is lightly wounded. (Press . to maintain the ray.) Joseph zaps a wand.
The puff of flame misses you.
The searing ray hits Joseph.
Joseph is lightly wounded.
The searing ray hits Joseph!
Joseph is moderately wounded.
Joseph zaps a wand.
The puff of flame misses you.
The searing ray hits Joseph!
Joseph is heavily wounded.
You finish channelling your searing ray.
Joseph shoots a sling bullet.
The sling bullet hits you!!
* * * LOW HITPOINT WARNING * * *
The sling bullet freezes you.
* * * LOW HITPOINT WARNING * * *
Okay, then.
Casting: Searing Ray (safe; 1% risk of failure)
Confirm with . or Enter, or press ? or * to list all spells.
Aiming: Searing Ray (safe; 1% risk of failure)
Press: ? - help, Shift-Dir - straight line, f/p - Joseph
Aim: Joseph, wielding a +2 sling of freezing, wearing a +0 ring mail and carrying a wand of flame (23) (heavily wounded, 85% to hit)
The searing ray hits Joseph.
Joseph is heavily wounded. (Press . to maintain the ray.)
The searing ray hits Joseph!
Joseph is severely wounded.
Joseph zaps a wand.
The puff of flame hits you.
Your condensation shield dissipates!
* * * LOW HITPOINT WARNING * * *
Unknown command.
The searing ray hits Joseph.
Joseph is severely wounded.
Joseph unwields a +2 sling of freezing.
Joseph wields a +0 quarterstaff.
Joseph hits you with a +0 quarterstaff!
You die...
Your body crumbles into a pile of gold.

$ #############
#............
#............
#............
#......... #...@.# #@#
#.# #.## #<# #..# #.#
#..# #.# ######..# #.#
#.......##### #.#
#.#.^^..≈.^(## #.###
#.≈§##§..##.≈# #....
#§.≈≈.^..#^#.######.###


You could see Joseph.

Vanquished Creatures
  An ice beast (D:5)
  2 black bears
  2 orc warriors (D:6)
  2 sky beasts
  2 ogres
  A centaur (D:6)
  A scorpion (D:5)
  2 howler monkeys
  2 hounds
  3 jellies
  8 orc priests
  A gnoll bouda (D:5)
  2 iguanas
  3 orc wizards
  A sleepcap (D:6)
  11 adders
  4 gnolls (D:5)
  A shadow imp (D:6)
  3 white imps
  An ufetubus (D:5)
  2 worms (D:2)
  3 dart slugs
  13 orcs
  11 ball pythons
  8 endoplasms
  3 giant cockroaches (D:4)
  11 hobgoblins
  6 jackals (D:4)
  7 quokkas
  5 bats
  3 frilled lizards (D:1)
  6 goblins
  8 kobolds
  4 rats
143 creatures vanquished.

Vanquished Creatures (others)
  4 plants (D:6)
4 creatures vanquished.

Grand Total: 147 creatures vanquished

Notes
Turn   | Place    | Note
-------+----------+-------------------------------------------
     0 | D:1      | Maxmaps the Demonspawn Conjurer began the quest for the
                  | Orb.
     0 | D:1      | Reached XP level 1. HP: 13/13 MP: 3/3
   296 | D:1      | Gained mutation: A meltable shield of frost defends you.
                  | (SH +0) [demonic ancestry]
   296 | D:1      | Reached XP level 2. HP: 6/19 MP: 1/5
  1001 | D:1      | Learned a level 2 spell: Searing Ray
  1005 | D:1      | Gained mutation: You have a small tail. [demonic ancestry]
  1005 | D:1      | Reached XP level 3. HP: 20/24 MP: 3/7
  1486 | D:2      | Found a faded altar of an unknown god.
  1575 | D:2      | Gained mutation: You have a tail ending in a sharp stinger.
                  | [demonic ancestry]
  1575 | D:2      | Reached XP level 4. HP: 19/30 MP: 1/10
  1745 | D:2      | Found Aghyubax's Weapon Boutique.
  2309 | D:2      | Gained mutation: You are partially covered in icy blue
                  | scales. (AC +2) [demonic ancestry]
  2309 | D:2      | Reached XP level 5. HP: 35/35 MP: 3/12
  2708 | D:2      | Reached skill level 5 in Spellcasting
  3927 | D:4      | Found a shimmering blue altar of Sif Muna.
  3965 | D:4      | Found a staircase to the Ecumenical Temple.
  4003 | Temple   | Entered the Ecumenical Temple
  4003 | Temple   | Found a transporter.
  4003 | Temple   | Found a transporter.
  4005 | Temple   | Found a transporter.
  4005 | Temple   | Found a transporter.
  4033 | Temple   | Became a worshipper of Gozag Ym Sagoz the Greedy
  4062 | D:4      | Gained mutation: You are mostly covered in icy blue scales.
                  | (AC +3) [demonic ancestry]
  4062 | D:4      | Reached XP level 6. HP: 41/41 MP: 10/15
  4249 | D:4      | Reached skill level 5 in Conjurations
  4435 | D:4      | Found an ornate altar of the Wu Jian Council.
  4711 | D:4      | Found a basalt altar of Yredelemnul.
  4829 | D:5      | Entered Level 5 of the Dungeon
  4829 | D:5      | Noticed Edmund
  4829 | D:5      | Found a sacrificial altar of Ru.
  4943 | D:5      | Reached XP level 7. HP: 14/46 MP: 6/16
  5174 | D:5      | Reached skill level 6 in Conjurations
  5351 | D:5      | Reached skill level 7 in Conjurations
  5922 | D:6      | Gained mutation: You may rarely emit foul miasma when
                  | damaged in melee. [demonic ancestry]
  5922 | D:6      | Reached XP level 8. HP: 52/52 MP: 17/17
  5979 | D:6      | Reached skill level 8 in Conjurations
  6177 | D:6      | Reached skill level 9 in Conjurations
  7004 | D:6      | Found a radiant altar of Vehumet.
  7231 | D:7      | Found a snail-covered altar of Cheibriados.
  7269 | D:7      | Reached skill level 10 in Conjurations
  7433 | D:7      | Found a stormy altar of Qazlal.
  7455 | D:7      | Noticed Joseph
  7466 | D:7      | HP: 2/52 [Joseph/puff of flame (4)]
  7467 | D:7      | Mangled by Joseph

Illustrated notes

Levels and vault maps discovered:
D:1:      dpeg_arrival_castle, layout_basic
D:2:      layout_loops_corners, serial_shops, nicolae_shop_tiny_real_fake_doors,
          basic_ecumenical_altar
D:3:      layout_loops_corners, nicolae_underground_beach
D:4:      layout_basic, mainiacjoe_overflow_surrounded_room,
          mainiacjoe_overflow_alcove_1, mainiacjoe_overflow_paths,
          minmay_temple_entry_ruins
D:5:      layout_loops_ring, lemuel_crystal_altar, uniq_edmund
D:6:      layout_basic, mainiacjoe_overflow_boulevard, zin_statuary,
          elyvilon_altar_3
D:7:      lemuel_ratsnest, layout_rooms, grunt_qazlal_sundering,
          cheibriados_altar_1, nemelex_xobeh_ov_fountains_minmay, uniq_joseph
Temple:   hellmonk_temple_divided_pantheon

Skill      XL: |  1  2  3  4  5  6  7  8 |
---------------+-------------------------+-----
Spellcasting   | 3 4 6 |  6.1
Conjurations   | 5 7 10 | 10.5
Dodging        | |  1.7
Stealth        | |  1.7

Action                     |  1- 3 |  4- 6 |  7- 9 || total
---------------------------+-------+-------+-------++-------
  Melee: Unarmed           |    25 |       |       ||    25
         Punch             |     1 |       |       ||     1
         Whip              |       |     5 |     7 ||    12
   Cast: Magic Dart        |    61 |   152 |   121 ||   334
         Searing Ray       |     2 |     7 |    22 ||    31
    Use: Scroll            |       |    12 |     3 ||    15
 Armour: Robe              |     5 |     7 |    22 ||    34
  Dodge: Dodged            |    15 |    31 |    40 ||    86
  Block: Other             |     3 |    11 |     8 ||    22

Table legend: (Time is in decaauts)
 A = Elapsed time spent in this place.
 B = Non-inter-level travel time spent in this place.
 C = Inter-level travel time spent in this place.
 D = Time resting spent in this place.
 E = Time spent auto-exploring this place.
 F = Levels seen in this place.
 G = Mean time per level.
                   A        B        C        D        E       F      G
               +--------+--------+--------+--------+--------+-----+--------+
         Total |   7473 |   7257 |    216 |   1077 |   5166 |   8 |  934.1 |
       Dungeon |   7423 |   7222 |    201 |   1077 |   5160 |   7 | 1060.4 |
        Temple |     49 |     34 |     15 |      0 |      6 |   1 |   49.0 |
               +--------+--------+--------+--------+--------+-----+--------+

Top non-repeatable levels by time:
     D:2: 1569 daAuts
     D:1: 1395 daAuts
     D:6: 1347 daAuts
     D:4: 1030 daAuts
     D:5: 955 daAuts
     D:3: 889 daAuts
     D:7: 235 daAuts
  Temple: 49 daAuts
